Map: Ephemeron LE

Players

Serral - Winner!

  • Race: Zerg Zerg
  • League: Master
  • Spawn Location: 11:00

GOReynor (Reynor)

  • Race: Zerg Zerg
  • League: Master
  • Spawn Location: 5:00

Event: HomeStory Cup XX

VOD

Have the link to the VOD?

Description

Time

  • Played on: Nov. 24, 2019, 5:08 p.m.
  • Length: 11:15

All games in this series

Show
View Real Time Build Order
Export as new Build Order

Serral Zerg - Winner!

Build Orders: Hatch First, Muta Ling Bane 

Get SALT Encoding   

  12  0:00  Drone  
  13  0:13  Overlord  
  13  0:17  Drone  
  14  0:31  Drone  
  14  0:32  Drone  
  16  0:49  Hatchery  
  15  0:52  Drone  
  15  0:55  Drone  
  17  1:00  Drone  
  18  1:10  Extractor  
  17  1:14  Spawning Pool  
  17  1:18  Drone  
  17  1:21  Drone  
  18  1:29  Drone  
  19  1:39  Drone  
  20  1:50  Drone  
  21  2:01  Queen x2, Overlord  
  21  2:02  Zergling x2  
  26  2:10  Metabolic Boost  
  26  2:11  Drone  
  26  2:13  Drone  
  28  2:23  Drone x2  
  30  2:36  Hatchery  
  29  2:37  Zergling x2  
  29  2:43  Drone  
  32  2:44  Drone  
  32  2:50  Baneling Nest  
  32  2:51  Drone  
  32  2:57  Overlord  
  32  3:00  Zergling x2  
  33  3:06  Drone x2  
  33  3:10  Drone  
  36  3:16  Zergling x4  
  36  3:17  Zergling x2, Drone  
  36  3:18  Overlord  
  40  3:22  Drone  
  40  3:25  Drone  
  42  3:28  Queen  
  44  3:34  Baneling x2  
  44  3:37  Zergling x4  
  46  3:44  Baneling  
  46  3:45  Drone x3  
  46  3:48  Lair  
  49  3:51  Extractor  
  45  3:57  Zergling x6  
  45  3:59  Drone x2  
  45  4:00  Drone  
  45  4:01  Baneling  
  50  4:03  Drone x2  
  50  4:07  Baneling  
  52  4:10  Drone x2  
  52  4:13  Drone  
  52  4:14  Drone  
  55  4:20  Evolution Chamber  
  55  4:21  Drone  
  55  4:24  Roach Warren  
  54  4:26  Drone x2  
  54  4:28  Drone  
  54  4:30  Overlord  
  57  4:33  Overlord  
  57  4:37  Overlord  
  57  4:42  Extractor  
  56  4:49  Zergling x2  
  56  4:50  Drone  
  57  4:52  Spire  
  57  4:53  Drone x4  
  57  4:54  Drone x2  
  57  4:57  Drone x2  
  57  4:59  Drone  
  65  5:04  Drone  
  65  5:05  Drone x2  
  65  5:06  Zerg Melee Weapons Level 1  
  68  5:08  Drone x2  
  68  5:10  Overlord  
  70  5:14  Extractor, Overlord  
  70  5:20  Overlord  
  69  5:23  Overlord  
  69  5:30  Extractor, Drone x5  
  69  5:31  Extractor, Overlord  
  69  5:34  Drone x3  
  69  5:35  Drone x2  
  77  5:38  Drone  
  78  5:44  Zergling x2  
  78  5:45  Zergling x2  
  80  5:50  Zergling x6  
  80  5:55  Overlord  
  80  5:56  Zergling x4  
  85  5:57  Overlord  
  85  6:00  Overlord  
  83  6:05  Extractor  
  83  6:06  Mutalisk x4  
  83  6:09  Overlord x2  
  90  6:15  Hatchery  
  90  6:18  Mutalisk x2  
  92  6:21  Drone  
  92  6:24  Mutalisk x3  
  101  6:31  Mutalisk  
  101  6:35  Zergling x14  
  108  6:40  Centrifical Hooks  
  108  6:47  Mutalisk  
  108  6:49  Zergling x4  
  112  6:57  Mutalisk  
  112  7:00  Drone  
  112  7:01  Drone x3  
  116  7:02  Zerg Melee Weapons Level 2  
  113  7:09  Mutalisk  
  113  7:14  Mutalisk  
  117  7:16  Drone  
  117  7:17  Drone x3  
  117  7:20  Mutalisk  
  120  7:29  Mutalisk  
  120  7:31  Queen  
  120  7:32  Extractor, Drone x2  
  120  7:34  Extractor  
  120  7:35  Mutalisk  
  125  7:37  Zergling x20  
  130  7:48  Mutalisk x2  
  130  7:49  Zergling x4  
  130  7:50  Zergling x6  
  133  7:59  Mutalisk  
  133  8:05  Overlord x5  
  135  8:06  Zerg Flyer Weapons Level 1, Overlord x2  
  135  8:11  Baneling x8  
  135  8:13  Overlord  
  133  8:24  Mutalisk x3  
  132  8:29  Drone  
  132  8:30  Zergling x10  
  138  8:35  Zergling x4  
  138  8:41  Zergling x12  
  143  8:52  Mutalisk x3, Zergling x2  
  143  8:53  Zergling x2  
  149  8:55  Zergling x2  
  149  8:59  Mutalisk x5  
  157  9:04  Mutalisk  
  157  9:07  Zergling x2  
  157  9:08  Overseer, Zergling x6  
  160  9:16  Mutalisk  
  160  9:17  Mutalisk  
  158  9:18  Pneumatized Carapace  
  158  9:21  Hatchery, Overseer, Drone x2  
  158  9:23  Overlord  
  158  9:24  Overlord x2  
  157  9:35  Mutalisk x2  
  157  9:36  Zergling x22  
  172  9:44  Mutalisk  
  167  9:46  Zergling x4  
  167  9:47  Zergling x4  
  167  9:52  Mutalisk  
  167  9:55  Zergling x2  
  167  9:58  Mutalisk x2  
  167  9:59  Zergling x2  
  167  10:04  Mutalisk x3  
  158  10:08  Zergling x16  
  158  10:11  Mutalisk x2  
  166  10:16  Mutalisk  
  166  10:19  Zergling x6  
  166  10:20  Zergling x2  
  165  10:22  Zergling x2  
  165  10:28  Mutalisk, Zergling x2  
  164  10:35  Queen  
  166  10:36  Mutalisk x2, Hatchery  
  166  10:37  Zergling x16  
  176  10:44  Mutalisk x2  
  176  10:48  Mutalisk  
  179  10:50  Zergling x6  
  179  10:55  Drone x4  
  178  11:10  Extractor  
  181  11:14  Extractor  
Show
View Real Time Build Order
Export as new Build Order

GOReynor Zerg 

Build Orders: Hatch First, Lurkers 

Get SALT Encoding   

  12  0:00  Drone  
  13  0:12  Overlord  
  13  0:17  Drone  
  14  0:31  Drone x2  
  16  0:48  Hatchery  
  15  0:52  Drone  
  15  0:55  Drone  
  17  0:59  Drone  
  18  1:09  Extractor  
  17  1:14  Spawning Pool  
  17  1:17  Drone  
  17  1:20  Drone  
  18  1:28  Drone  
  19  1:38  Drone  
  20  1:48  Drone  
  21  1:59  Overlord  
  21  2:01  Zergling x2, Queen x2  
  26  2:10  Drone  
  26  2:11  Metabolic Boost, Drone  
  28  2:21  Drone x2  
  30  2:36  Hatchery  
  29  2:37  Drone  
  29  2:40  Drone  
  29  2:42  Zergling x2  
  32  2:46  Drone  
  32  2:50  Baneling Nest  
  32  2:54  Overlord  
  32  2:56  Zergling x2  
  33  3:06  Drone x2  
  33  3:11  Zergling x2  
  36  3:14  Zergling x4  
  36  3:16  Overlord  
  36  3:18  Zergling x2  
  36  3:19  Drone x2  
  41  3:25  Evolution Chamber  
  40  3:27  Zergling x2  
  40  3:29  Drone  
  40  3:33  Baneling x2  
  42  3:35  Queen, Drone  
  42  3:40  Drone x2  
  47  3:44  Drone  
  48  3:48  Overlord  
  48  3:49  Drone x2  
  48  3:56  Drone x3  
  48  4:00  Drone  
  52  4:03  Zerg Missile Weapons Level 1  
  52  4:07  Drone x2  
  53  4:10  Drone  
  53  4:13  Drone  
  53  4:15  Queen  
  53  4:16  Overlord  
  57  4:18  Drone x2  
  57  4:20  Drone  
  57  4:22  Drone  
  57  4:23  Drone  
  62  4:32  Overlord  
  62  4:33  Baneling, Roach Warren  
  62  4:35  Drone x2  
  63  4:40  Drone  
  63  4:41  Extractor  
  63  4:42  Extractor  
  63  4:44  Drone x4  
  66  4:46  Overlord  
  66  4:50  Drone x2  
  68  4:53  Overlord  
  68  4:54  Drone  
  68  4:55  Drone x2  
  68  4:56  Lair  
  71  5:02  Drone  
  71  5:06  Extractor  
  71  5:07  Extractor  
  70  5:10  Drone x3  
  73  5:15  Drone  
  73  5:17  Overlord  
  73  5:20  Extractor  
  73  5:21  Drone  
  73  5:26  Roach x4  
  73  5:27  Drone  
  83  5:28  Overlord  
  83  5:32  Drone x3  
  83  5:34  Overlord  
  85  5:36  Drone x2  
  85  5:42  Evolution Chamber  
  86  5:43  Pneumatized Carapace  
  86  5:45  Drone x3  
  86  5:49  Hatchery  
  88  5:52  Roach  
  88  5:54  Roach x2  
  94  5:58  Overlord  
  94  6:00  Roach x2  
  94  6:01  Glial Reconstitution, Zerg Missile Weapons Level 2  
  97  6:04  Roach x3  
  97  6:08  Overseer  
  97  6:09  Roach x2  
  105  6:12  Queen  
  105  6:15  Queen  
  108  6:20  Hydralisk Den  
  108  6:23  Roach x3  
  108  6:25  Overlord  
  113  6:30  Zerg Ground Armor Level 1  
  113  6:32  Queen  
  115  6:38  Roach x3  
  121  6:40  Drone x2  
  121  6:41  Spore Crawler  
  121  6:46  Spore Crawler, Drone x2  
  121  6:47  Spore Crawler  
  122  6:59  Spore Crawler  
  122  7:02  Queen, Drone  
  122  7:03  Queen  
  122  7:04  Lurker Den  
  122  7:12  Queen, Roach x5  
  122  7:14  Overlord  
  130  7:24  Overlord  
  130  7:31  Hydralisk  
  130  7:32  Hydralisk x4  
  130  7:34  Overlord  
  140  7:37  Queen  
  140  7:39  Roach x3  
  143  7:44  Drone x5, Hydralisk  
  143  7:45  Spore Crawler  
  143  7:53  Overlord  
  143  7:55  Drone  
  143  7:56  Overlord  
  144  8:01  Drone x2  
  144  8:05  Overlord  
  144  8:06  Overlord  
  144  8:10  Spore Crawler, Overlord  
  143  8:13  Infestation Pit  
  143  8:15  Hydralisk x3  
  146  8:21  Hydralisk x3  
  146  8:25  Hydralisk x2  
  149  8:28  Lurker x3  
  149  8:29  Drone x4  
  149  8:31  Drone  
  157  8:44  Drone x3  
  157  8:46  Drone x4  
  157  8:47  Drone x4  
  163  8:52  Hydralisk  
  163  8:54  Hydralisk  
  158  8:59  Hydralisk  
  154  9:19  Hive, Hydralisk x4  
  162  9:28  Lurker x2  
  162  9:30  Spore Crawler  
  161  9:32  Drone x5  
  161  9:33  Drone  
  167  9:42  Hydralisk x2  
  167  9:44  Overlord  
  166  9:47  Roach  
  166  9:49  Queen  
  155  9:53  Roach x2  
  155  9:55  Overlord  
  149  10:02  Hydralisk  
  149  10:04  Drone x4  
  149  10:06  Queen  
  140  10:15  Hydralisk  
  140  10:21  Drone x6  
  138  10:24  Queen  
  138  10:28  Extractor, Roach x2  
  129  10:30  Zergling x2  
  129  10:35  Spore Crawler x2  
  112  10:36  Hydralisk  
  112  10:37  Spore Crawler  
  112  10:40  Extractor  
  101  10:46  Drone x6  
  95  10:51  Roach  
  95  10:55  Spore Crawler, Roach  
Tags
 
Add a new tag
Caveats
  • Supply blocks, unpowered buildings, or Contaminate may cause inaccurate times.
  • Supply counts are checked every 10 seconds.